 Seeded DCSS version 0.29.1-15-g9cfb28693d (webtiles) character file.

Game seed: 1 (custom seed)

8029 Kazon the Slasher (level 11, -31/83 HPs)
             Began as a Demonspawn Fighter on May 1, 2023.
             Was a High Priest of Okawaru.
             Annihilated by a naga warrior
             ... wielding a +0 dire flail
              (54 damage)
             ... on level 2 of the Abyss.
             The game lasted 00:36:31 (7274 turns).

Kazon the Slasher (Demonspawn Fighter)              Turns: 7274, Time: 00:36:33

Health: -31/83     AC: 12    Str: 17    XL:     11   Next: 4%
Magic:  15/15      EV: 13    Int: 14    God:    Okawaru [*****.]
Gold:   599        SH:  5    Dex: 14    Spells: 10/10 levels left

rFire   . . .      SeeInvis .   s - +10 scimitar of Weudao {vorpal, Int+2}
rCold   + . .      Faith    .   c - +0 buckler
rNeg    + . .      Spirit   .   Q - +0 troll leather armour
rPois   .          Reflect  .   l - +0 helmet
rElec   .          Harm     .   (no cloak)
rCorr   .          Rampage  .   (no gloves)
Will    .....                   n - +2 pair of boots
Stlth   +++.......              g - amulet of the acrobat
HPRegen 2.03/turn               t - ring of positive energy
MPRegen 0.14/turn               j - ring of protection from cold

@: lethally poisoned (-31 -> -31), slowed, very slow
A: claws 2, yellow scales 2, powered by death 1, spiny 2
a: Renounce Religion, Heroism, Finesse, Duel


You were on level 2 of the Abyss.
You worshipped Okawaru.
Okawaru was extremely pleased with you.
You visited 2 branches of the dungeon, and saw 11 of its levels.
You visited the Abyss 1 time.

You collected 641 gold pieces.
You spent 42 gold pieces at shops.

Inventory:

Hand Weapons
 e - a +2 dagger of venom
 s - the +10 scimitar of Weudao (weapon) {vorpal, Int+2}
   (You acquired it on level 1 of the Dungeon)

   It inflicts extra damage upon your enemies.
   Int:       It affects your intelligence (+2).
 P - the +5 long sword of the Land of Plenty {drain, Dex+3}
   (You found it on level 10 of the Dungeon)

   A truly terrible weapon, it drains the life of any living foe it strikes.
   Dex:       It affects your dexterity (+3).
Missiles
 k - 13 boomerangs (quivered)
 q - a throwing net
 B - 13 poisoned darts
 C - 3 curare-tipped darts
 K - 2 silver javelins
Armour
 c - a +0 buckler (worn)
 l - a +0 helmet (worn)
 n - a +2 pair of boots (worn)
 z - +0 acid dragon scales
 H - a +3 leather armour of cold resistance
 Q - a +0 troll leather armour (worn)
Jewellery
 g - an amulet of the acrobat (around neck)
 j - a ring of protection from cold (right claw)
 t - a ring of positive energy (left claw)
 G - a ring of protection from cold
Wands
 A - a wand of mindburst (20)
 F - a wand of flame (1)
 I - a wand of paralysis (13)
 L - a wand of roots (6)
Scrolls
 i - 11 scrolls of identify
 o - a scroll of immolation
 p - a scroll of poison {unknown}
 v - a scroll of magic mapping {unknown}
 w - 3 scrolls of teleportation
 x - 3 scrolls of fog {unknown}
 y - 2 scrolls of noise {unknown}
 E - 2 scrolls of enchant weapon {unknown}
 J - 3 scrolls of fear
 M - a scroll of amnesia {unknown}
 N - a scroll of summoning {unknown}
Potions
 a - a potion of ambrosia
 b - 4 potions of berserk rage {unknown}
 d - 2 potions of might
 f - 4 potions of attraction {unknown}
 h - 3 potions of flight {unknown}
 m - 2 potions of curing
 r - 2 potions of haste {unknown}
 u - 5 potions of lignification {unknown}
 D - 2 potions of cancellation
Miscellaneous
 O - a condenser vane


   Skills:
 + Level 6.8 Fighting
 + Level 4.1(6.5) Short Blades
 + Level 7.8(8.3) Long Blades
 + Level 5.3 Throwing
 + Level 5.8 Armour
 + Level 5.5 Dodging
 + Level 5.6 Stealth
 + Level 5.0 Shields
 * Level 5.8 Invocations
 * Level 3.8 Evocations


You had 10 spell levels left.
You didn't know any spells.
Your spell library contained the following spells:

 Spells                   Type           Power      Damage    Failure   Level
 Apportation              Tloc           0%         N/A       41%         1
 Magic Dart               Conj           0%         1d3       41%         1
 Necrotise                Necr           0%         1d4       41%         1
 Sting                    Tmut/Pois      0%         1d3       41%         1
 Poisonous Vapours        Pois/Air       0%         N/A       54%         2
 Mephitic Cloud           Conj/Pois/Air  0%         N/A       78%         3
 Ozocubu's Armour         Ice            0%         N/A       78%         3
 Olgreb's Toxic Radiance  Pois           0%         N/A       99%         4
 Fireball                 Conj/Fire      0%         3d3       100%        5
 Iskenderun's Battlesphe  Conj           0%         2d6       100%        5
 Metabolic Englaciation   Hex/Ice        0%         N/A       100%        5
 Conjure Ball Lightning   Conj/Air       0%         3x3d6     100%        6
 Orb of Destruction       Conj           0%         9d5       100%        7
 Summon Small Mammal      Summ           Unusable   N/A       N/A         1
 Call Imp                 Summ           Unusable   N/A       N/A         2
 Simulacrum               Ice/Necr       Unusable   N/A       N/A         6

Dungeon Overview and Level Annotations

Branches:
Dungeon (10/15)            Temple (1/1) D:7            Lair (0/5) D:10
    Orc: D:9-12

Altars:
Ashenzari
Dithmenos
Gozag
Hepliaklqana
Makhleb
Nemelex Xobeh
Okawaru
Uskayaw
Xom

Shops:
D:3 (   D:8 ?(==

Annotations:
D:10 Erolcha


Innate Abilities, Weirdness & Mutations

You have very sharp fingernails.
You are mostly covered in yellow scales. (AC +3)
You regenerate a little health from kills.
You are mostly covered in sharp spines.


Message History

You hit the naga warrior.
The naga warrior is lightly wounded.
You feel sick.
The guardian serpent completely misses you.
You block the naga warrior's attack.
The naga warrior roars a battlecry!
The naga warrior goes into a battle-frenzy!
You slice the guardian serpent!!
The guardian serpent is almost dead.
You feel sick.
The guardian serpent casts a spell at you.
You resist with some effort.
The naga warrior is struck by your spines.
The naga warrior barely misses you.
The guardian serpent casts a spell at you.
You feel yourself slow down.
The naga warrior is struck by your spines.
The naga warrior closely misses you.
You closely miss the guardian serpent.
The guardian serpent is almost dead.
You feel sick.
The guardian serpent hits you but does no damage.
You block the naga warrior's attack. The naga warrior barely misses you.
The guardian serpent is struck by your spines.
You kill the guardian serpent!
Okawaru accepts your kill.
You can now enter into single combat with a foe.
Okawaru will now gift you equipment as you gain piety.
The naga warrior is struck by your spines.
The naga warrior hits you with a +0 broad axe!!!
Ouch! That really hurt!
* * * LOW HITPOINT WARNING * * *
You hear a shout!
You hit the naga warrior.
The naga warrior is heavily wounded.
You feel sick.
The naga warrior is struck by your spines.
The naga warrior hits you with a +0 dire flail!!!
Ouch! That really hurt!
You die...

.## ## .. #
.##. # ..
#..##.#.#
##...#..#
##.....#.#
#.....#..# #
.#..#..## .
###.@N...#
##. ##N..#.##
# .###.#....
#
..#.###...#.#
##>#. .### #
#.#..#ยง.# #
#....#.... #
##. #. #..##
#. .# .#.#


You could see 2 naga warriors.

Vanquished Creatures
  A two-headed ogre (D:9)
  A guardian serpent (Abyss:2)
  Maggie (D:6)
  A troll (D:10)
  Prince Ribbit (D:9)
  A shadow (D:9)
  A vampire (D:10)
  A yak (D:6)
  2 wyverns
  Eustachio (D:5)
  2 steam dragons
  Menkaure (D:5)
  Edmund (D:6)
  An acid dragon (D:10)
  4 water moccasins
  4 orc warriors
  An ice beast (D:8)
  5 sky beasts
  2 black bears (D:6)
  4 centaurs
  An ogre (D:6)
  A wolf (D:10)
  2 phantoms (D:6)
  2 kobold brigands
  3 necrophages
  A bullfrog (D:7)
  A gnoll sergeant (D:7)
  5 scorpions
  14 wights
  An electric eel (D:10)
  A howler monkey (D:5)
  2 jellies (D:6)
  6 hounds
  7 orc priests
  A gnoll bouda (D:7)
  6 iguanas
  2 orc wizards (D:9)
  Robin (D:3)
  13 gnolls
  13 adders
  3 shadow imps
  2 white imps (D:7)
  An ufetubus (D:4)
  3 worms
  33 orcs
  11 endoplasms
  A giant cockroach (D:1)
  16 goblins
  9 hobgoblins
  A jackal (D:4)
  17 kobolds
  2 quokkas
  5 ball pythons
  4 bats
  3 frilled lizards
  6 rats
236 creatures vanquished.

Vanquished Creatures (others)
  2 gnolls (D:7)
2 creatures vanquished.

Grand Total: 238 creatures vanquished

Notes
Turn   | Place    | Note
-------+----------+-------------------------------------------
     0 | D:1      | Kazon the Demonspawn Fighter began the quest for the Orb.
     0 | D:1      | Reached XP level 1. HP: 18/18 MP: 1/1
    44 | D:1      | Identified a scroll of acquirement
    44 | D:1      | Acquired the +10 scimitar of Weudao {vorpal, Int+2}
   190 | D:1      | Gained mutation: You are partially covered in sharp spines.
                  | [demonic ancestry]
   190 | D:1      | Reached XP level 2. HP: 24/24 MP: 2/2
   295 | D:1      | Reached skill level 2 in Long Blades
   688 | D:2      | Gained mutation: You regenerate a little health from kills.
                  | [demonic ancestry]
   688 | D:2      | Reached XP level 3. HP: 29/29 MP: 3/3
   835 | D:2      | Reached XP level 4. HP: 15/37 MP: 4/4
  1400 | D:3      | Found Umat's Antique Weapon Boutique.
  1567 | D:3      | Noticed Robin
  1578 | D:3      | Killed Robin
  1615 | D:3      | Reached skill level 3 in Long Blades
  1616 | D:3      | Reached XP level 5. HP: 43/43 MP: 5/5
  1864 | D:3      | Reached skill level 5 in Fighting
  1864 | D:3      | Reached skill level 4 in Long Blades
  1864 | D:3      | Reached XP level 6. HP: 52/52 MP: 6/6
  2404 | D:4      | Reached skill level 5 in Long Blades
  2404 | D:4      | Gained mutation: You have sharp fingernails. [demonic
                  | ancestry]
  2404 | D:4      | Reached XP level 7. HP: 44/57 MP: 7/7
  2507 | D:4      | Found a hazy altar of Hepliaklqana.
  3012 | D:5      | Entered Level 5 of the Dungeon
  3042 | D:5      | Noticed Eustachio
  3219 | D:5      | Reached skill level 5 in Armour
  3353 | D:5      | Noticed Menkaure
  3361 | D:5      | Killed Menkaure
  3362 | D:5      | Gained mutation: You have very sharp fingernails. [demonic
                  | ancestry]
  3362 | D:5      | Reached XP level 8. HP: 64/64 MP: 8/8
  3823 | D:5      | Killed Eustachio
  4017 | D:7      | Found a staircase to the Ecumenical Temple.
  4032 | Temple   | Entered the Ecumenical Temple
  4039 | Temple   | Became a worshipper of Warmaster Okawaru
  4098 | D:7      | Found a hide-covered altar of Uskayaw.
  4155 | D:6      | Reached skill level 1 in Invocations
  4163 | D:6      | Gained mutation: You are mostly covered in sharp spines.
                  | [demonic ancestry]
  4163 | D:6      | Reached XP level 9. HP: 69/69 MP: 9/9
  4177 | D:6      | Reached skill level 1 in Evocations
  4179 | D:6      | Reached * piety under Okawaru
  4180 | D:6      | Reached skill level 5 in Stealth
  4184 | D:6      | Noticed Edmund
  4192 | D:6      | Killed Edmund
  4225 | D:6      | Reached skill level 6 in Long Blades
  4269 | D:6      | Reached skill level 5 in Throwing
  4403 | D:6      | Reached ** piety under Okawaru
  4516 | D:6      | Noticed Maggie
  4528 | D:6      | Killed Maggie
  4948 | D:7      | Gained mutation: You are partially covered in yellow
                  | scales. (AC +2) [demonic ancestry]
  4948 | D:7      | Reached XP level 10. HP: 77/77 MP: 12/12
  4978 | D:7      | Reached *** piety under Okawaru
  4979 | D:7      | Reached skill level 5 in Dodging
  4980 | D:7      | Reached skill level 7 in Long Blades
  5096 | D:7      | Received a gift from Okawaru
  5516 | D:8      | Found Esumer's Weapon Shop.
  5649 | D:8      | Found Heidghoki's Jewellery Shop.
  5705 | D:8      | Found Quzidd's Magic Scroll Emporium.
  5719 | D:8      | Bought a scroll of teleportation for 42 gold pieces
  6134 | D:8      | Found Zoxtaeshakh's Jewellery Boutique.
  6345 | D:9      | Reached skill level 5 in Shields
  6425 | D:9      | Noticed a two-headed ogre
  6445 | D:9      | Killed a two-headed ogre
  6445 | D:9      | Reached **** piety under Okawaru
  6472 | D:9      | Reached skill level 5 in Invocations
  6549 | D:9      | Noticed Prince Ribbit
  6568 | D:9      | Killed Prince Ribbit
  6926 | D:10     | Entered Level 10 of the Dungeon
  7040 | D:10     | Identified the +5 long sword of the Land of Plenty {drain,
                  | Dex+3}
  7082 | D:10     | Found a staircase to the Lair.
  7099 | D:10     | Gained mutation: You are mostly covered in yellow scales.
                  | (AC +3) [demonic ancestry]
  7099 | D:10     | Reached XP level 11. HP: 83/83 MP: 15/15
  7142 | D:10     | Noticed Erolcha
  7163 | Abyss:2  | Cast into level 2 of the Abyss (Erolcha)
  7192 | Abyss:2  | Found a corrupted altar of Lugonu.
  7212 | Abyss:2  | Noticed a shard shrike zombie
  7262 | Abyss:2  | Noticed a naga warrior
  7262 | Abyss:2  | Noticed a naga warrior
  7273 | Abyss:2  | Reached ***** piety under Okawaru
  7274 | Abyss:2  | Annihilated by a naga warrior

Illustrated notes

Levels and vault maps discovered:
D:1:      dpeg_arrival_three_smaller_balls, layout_basic
D:2:      layout_loops_ring
D:3:      layout_basic, serial_shops, nicolae_shop_stone, st_stairs_9,
          minmay_misc_feat_doors, eino_curves_03, uniq_robin
D:4:      minmay_wonky_spiral, layout_basic,
          mainiacjoe_overflow_surrounded_room, minivault_5
D:5:      layout_cave_pods, uniq_menkaure, uniq_eustachio
D:6:      cheibrodos_barr_body, layout_basic, minmay_crystal_room,
          minmay_pentangle, uniq_maggie, uniq_edmund
D:7:      layout_cave_pools, nicolae_uskayaw_murder_on_the_dancefloor,
          elyvilon_altar_4, minmay_temple_entry_purple_smoke
D:8:      layout_basic, serial_shops, shop_statue, kennysheep_little_box, shop,
          nicolae_shop_window_shopping
D:9:      layout_cave_pools, uniq_prince_ribbit1
D:10:     layout_stronghold, erik_lair_island, serial_shops,
          nicolae_shop_statue_plus, uniq_erolcha
Temple:   nicolae_temple_bog_church
Abyss:2:  base: D:6, evilmike_abyss_exit_chaos

Skill      XL: |  1  2  3  4  5  6  7  8  9 10 |
---------------+-------------------------------+-----
Long Blades    | 2 3 4 5 6 7 |  7.8
Armour         | 3 4 5 |  5.8
Fighting       | 4 5 6 |  6.8
Shields        | 3 4 5 |  5.0
Short Blades   | 3 4 |  4.1
Throwing       | 4 5 |  5.3
Dodging        | 4 5 |  5.5
Stealth        | 4 5 |  5.6
Invocations    | 1 3 5 |  5.8
Evocations     | 2 3 |  3.8

Action                   |  1- 3 |  4- 6 |  7- 9 | 10-12 || total
-------------------------+-------+-------+-------+-------++-------
Melee: Scimitar          |    44 |    48 |   117 |   118 ||   327
       Long sword        |     4 |       |       |       ||     4
       Dagger            |       |    35 |    96 |    41 ||   172
Throw: Stone             |       |    25 |    42 |    50 ||   117
       Boomerang         |       |       |       |    10 ||    10
Evoke: Wand              |       |       |       |    13 ||    13
  Use: Scroll            |     1 |       |     3 |     2 ||     6
       Potion            |       |     1 |     2 |     1 ||     4
 Stab: Sleeping          |       |       |     3 |     7 ||    10
       Paralysed         |       |       |       |     3 ||     3
Armor: Scale mail        |    29 |    24 |    23 |       ||    76
       Leather armour    |       |       |    36 |    27 ||    63
       Troll leather arm |       |       |       |     5 ||     5
Dodge: Dodged            |    30 |    25 |    72 |    67 ||   194
Block: Buckler           |    16 |    11 |    37 |    27 ||    91
